 Dungeon Crawl Stone Soup version 0.20-a0-971-g5896763 (webtiles) character file.

476 HeyBub the Bolt Thrower (level 7, -11/46 HPs)
             Began as an Octopode Wanderer on Apr 8, 2017.
             Was a Follower of Fedhas.
             Killed from afar by astralcataclysm's ghost (15 damage)
             ... with a puff of flame
             ... on level 4 of the Dungeon.
             The game lasted 00:06:28 (2952 turns).

HeyBub the Bolt Thrower (Octopode Wanderer)         Turns: 2952, Time: 00:06:29

Health: -11/46     AC:  3    Str: 15    XL:     7   Next: 10%
Magic:  7/7        EV: 12    Int: 14    God:    Fedhas [*.....]
Gold:   226        SH:  0    Dex: 10    Spells: 4/6 levels left

rFire    . . .     SeeInvis .   a - +2 hand crossbow
rCold    . . .     Gourm    .   (no shield)
rNeg     + . .     Faith    .   (helmet restricted)
rPois    .         Spirit   .   (no amulet)
rElec    .         Reflect  .   h - ring of positive energy
rCorr    .         Harm     .   i - +2 ring of protection
MR       .....                  (no ring)
Stlth    ++........             (no ring)
Regen    0.2/turn               (no ring)
MPRegen  0.1/turn               (no ring)
                                (no ring)
                                (no ring)

@: lethally poisoned (-11 -> -20), hasted, very quick
A: almost no armour, stealthy swim, amphibious, 8 rings, constrict 8, camouflage
1, gelatinous body 1
a: Fungal Bloom, Evolution, Renounce Religion


You were on level 4 of the Dungeon.
You worshipped Fedhas.
Fedhas was aware of your devotion.
You were full.

You visited 1 branch of the dungeon, and saw 4 of its levels.

You collected 226 gold pieces.

Inventory:

Hand Weapons
 a - a +2 hand crossbow (weapon)
 c - a +0 shortbow
Missiles
 b - 97 bolts (quivered)
 d - 44 arrows
Jewellery
 h - a ring of positive energy (left tentacle)
 i - a +2 ring of protection (right tentacle)
Scrolls
 e - 2 scrolls of teleportation
 g - 5 scrolls of identify {unknown}
 j - 3 scrolls of magic mapping {unknown}
 k - a scroll of random uselessness {unknown}
 n - a scroll of immolation {unknown}
 o - 2 scrolls of enchant weapon {unknown}
 q - a scroll of recharging {unknown}
 x - a scroll of noise {unknown}
Potions
 f - a potion of lignification {unknown}
 l - a potion of brilliance
 z - a potion of degeneration {unknown}
Books
 m - a book of Callings

   Spells                             Type                      Level
   a - Summon Small Mammal            Summoning                    1
   b - Call Imp                       Summoning                    2
   c - Call Canine Familiar           Summoning                    3
   d - Summon Guardian Golem          Hexes/Summoning              3
   e - Summon Lightning Spire         Summoning/Air                4
   f - Summon Ice Beast               Ice/Summoning                4
 p - a book of Maledictions

   Spells                             Type                      Level
   a - Corona                         Hexes                        1
   b - Ensorcelled Hibernation        Hexes/Ice                    2
   c - Confuse                        Hexes                        3
   d - Tukima's Dance                 Hexes                        3
   e - Dazzling Spray                 Conjuration/Hexes            3
 u - Jessica's Tome of the Voyage
   (You found it on level 2 of the Dungeon)

   Spells                             Type                      Level
   a - Blink                          Translocation                2
Comestibles
 r - 5 fruits
 s - 3 royal jellies
 B - 2 meat rations


   Skills:
 - Level 3.1 Fighting
   Level 2.0 Maces & Flails
 + Level 7.8 Crossbows
 - Level 1.0 Throwing
   Level 1.0 Shields


You had 4 spell levels left.
You knew the following spells:

 Your Spells              Type           Power        Failure   Level  Hunger
a - Blink                 Tloc           N/A          43%         2    ###....


Dungeon Overview and Level Annotations

Branches:
Dungeon (4/15)
 Temple: D:4-7

Altars:
Elyvilon
Fedhas
Ru
Trog
Wu Jian
Yredelemnul

Annotations:
D:4 astralcataclysm's ghost, novice DEFE


Innate Abilities, Weirdness & Mutations

You cannot wear most types of armour.
You are very stealthy in the water. (Stealth+)
You are amphibious.
You can wear up to eight rings at the same time.
You can use your tentacles to constrict eight enemies at once.
Your skin changes colour to match your surroundings (Stealth+).
Your rubbery body absorbs attacks. (AC +1, EV +1)


Message History

Aim: astralcataclysm's ghost, wielding a weapon of venom (almost destroyed)
You shoot a bolt. The bolt hits astralcataclysm's ghost.
Astralcataclysm's ghost is almost destroyed.
You feel sick.
Astralcataclysm's ghost casts a spell at you.
The puff of flame hits you!
You are too injured to fight recklessly!
You are too injured to fight recklessly!
You feel yourself speed up.
You feel sick.
Astralcataclysm's ghost points at you and mumbles some strange words.
The puff of flame hits you!
* * * LOW HITPOINT WARNING * * *
* * * LOW HITPOINT WARNING * * *
You feel sick.
* * * LOW HITPOINT WARNING * * *
You feel sick.
Astralcataclysm's ghost gestures at you while chanting.
The puff of flame hits you!
You die...
Fedhas appreciates your contribution to the ecosystem.

..........# #.#
#.###.#.#####
#######...###.###.#
#.#.# #......(....#
#.#.#
#...............#.#
#.#####.#########.#
#.# #(# #.# #.#
#W#### #.# #.#
#....# ####.# #.#
####@# #....# #.#
#.# #.#### #.# #.#
#.# #.# #.# #.#
#.## #.# #.# #..#
#.# #.# ##.# #.#
#.# #.# #.# #.# #.#
#.# #.#


You could see astralcataclysm's ghost.

Vanquished Creatures
  A scorpion (D:4)
  A howler monkey (D:4)
  An orc priest (D:4)
  Jessica (D:2)
  Terence (D:2)
  3 orc wizards
  2 worker ants (D:4)
  6 adders (D:3)
  3 gnolls (D:3)
  2 oozes
  3 dart slugs
  2 worms
  9 orcs
  4 giant cockroaches
  9 goblins
  10 hobgoblins
  7 jackals
  2 quokkas
  A ball python (D:4)
  6 bats
  4 frilled lizards
  5 kobolds
  A rat (D:2)
84 creatures vanquished.

Notes
Turn   | Place    | Note
-------+----------+-------------------------------------------
     0 | D:1      | HeyBub the Octopode Wanderer began the quest for the Orb.
     0 | D:1      | HeyBub set off with: a +2 hand crossbow, 23 bolts, a +0 shortbow, 20 arrows, a scroll of teleportation, a bread ration
     0 | D:1      | Reached XP level 1. HP: 16/16 MP: 1/1
   156 | D:1      | Reached XP level 2. HP: 21/21 MP: 2/2
   439 | D:2      | Noticed Terence
   442 | D:2      | Killed Terence
   442 | D:2      | Reached skill level 4 in Crossbows
   442 | D:2      | Reached XP level 3. HP: 25/26 MP: 3/3
   804 | D:2      | Reached XP level 4. HP: 31/31 MP: 4/4
   826 | D:2      | Found a bloodstained altar of Trog.
   827 | D:2      | Found a white marble altar of Elyvilon.
   924 | D:2      | Noticed Jessica
   926 | D:2      | Killed Jessica
   926 | D:2      | Reached skill level 5 in Crossbows
   939 | D:2      | Identified Jessica's Tome of the Voyage
  1022 | D:2      | Learned a level 2 spell: Blink
  1056 | D:3      | Found a basalt altar of Yredelemnul.
  1072 | D:3      | Reached XP level 5. HP: 3/36 MP: 0/5
  1545 | D:3      | Found a blossoming altar of Fedhas.
  1556 | D:3      | Became a worshipper of Fedhas Madash
  1799 | D:3      | Reached skill level 6 in Crossbows
  2083 | D:3      | Found a sacrificial altar of Ru.
  2101 | D:3      | Reached XP level 6. HP: 42/42 MP: 6/6
  2354 | D:4      | Reached skill level 7 in Crossbows
  2556 | D:4      | Reached * piety under Fedhas
  2744 | D:4      | Found an ornate altar of the Wu Jian Council.
  2753 | D:4      | Reached XP level 7. HP: 39/46 MP: 7/7
  2939 | D:4      | Noticed astralcataclysm's ghost (novice DEFE)
  2952 | D:4      | Killed from afar by astralcataclysm's ghost

Vault maps used:
D:1:      grunt_arrival_crossed_arrows, minmay_misc_feat_more_columns
D:2:      gammafunk_temple_overflow_statue, kennysheep_jessica_study,
          uniq_jessica, uniq_terence
D:3:      lemuel_upstairs_altar, yredelemnul_altar_generic,
          hangedman_ru_absence, lemuel_doored_altar, first_bread,
          hangedman_abyss_or_decor_stabs, minmay_fountain_box
D:4:      kennysheep_mini

Skill      XL: |  1  2  3  4  5  6 |
---------------+-------------------+-----
Crossbows      | 4 5 6 7 |  7.8
Fighting       | |  3.1
Maces & Flails | |  2.0
Throwing       | |  1.0
Shields        | |  1.0

Action                   |  1- 3 |  4- 6 |  7- 9 || total
-------------------------+-------+-------+-------++-------
 Fire: Hand crossbow     |    49 |   145 |     8 ||   202
 Cast: Blink             |       |     5 |       ||     5
Invok: Fungal Bloom      |       |     1 |       ||     1
  Use: Potion            |       |     7 |     1 ||     8
  Eat: Chunk             |       |     4 |       ||     4
       Bread ration      |       |     2 |       ||     2
Armor: Skin              |     2 |     9 |     2 ||    13
Dodge: Dodged            |     1 |    26 |     1 ||    28
